 Dungeon Crawl Stone Soup version 0.23.1 (webtiles) character file.

Game seed: 13852248543199361705

60 Borgoz the Sneak (level 4, -3/33 HPs)
             Began as a Ghoul Enchanter on Mar 4, 2019.
             Slain by an orc
             ... wielding a +0 club
              (6 damage)
             ... on level 3 of the Dungeon.
             The game lasted 00:04:35 (1363 turns).

Borgoz the Sneak (Ghoul Enchanter)                  Turns: 1363, Time: 00:04:35

Health: -3/33      AC:  4    Str: 11    XL:     4   Next: 6%
Magic:  1/5        EV: 12    Int: 11    God:
Gold:   52         SH:  0    Dex:  9    Spells: 3/6 levels left

rFire    . . .     SeeInvis .   o - +1 dagger (venom)
rCold    + . .     Gourm    .   (no shield)
rNeg     + + +     Faith    .   c - +0 leather armour
rPois    ∞         Spirit   .   i - +0 helmet
rElec    .         Reflect  .   (no cloak)
rCorr    .         Harm     .   (no gloves)
MR       .....                  (no boots)
Stlth    ++........             (no amulet)
HPRegen  0.00/turn              (no ring)
MPRegen  0.09/turn              (no ring)

@: very slightly contaminated, rotting
A: rotting body, claws 1, carnivore, cold resistance 1, negative energy
resistance 3, inhibited regeneration, torment resistance, unbreathing
a: no special abilities


You were on level 3 of the Dungeon.
You were not hungry.

You visited 1 branch of the dungeon, and saw 3 of its levels.

You collected 52 gold pieces.

Inventory:

Hand Weapons
 o - a +1 dagger of venom (weapon)
Missiles
 b - a throwing net (quivered)
Armour
 c - a +0 leather armour (worn)
 i - a +0 helmet (worn)
Scrolls
 a - a scroll of blinking {unknown}
 f - 2 scrolls of remove curse {unknown}
 g - a scroll of amnesia {unknown}
 h - a scroll of teleportation {unknown}
 j - 2 scrolls of identify {unknown}
 k - a scroll of immolation {unknown}
 m - 2 scrolls of random uselessness {unknown}
 n - a scroll of fear {unknown}
 q - a scroll of fog {unknown}
Potions
 e - a potion of berserk rage {unknown}
 p - a potion of curing {unknown}
Comestibles
 d - 5 rations
 l - a chunk of flesh


   Skills:
 * Level 2.4 Short Blades
 * Level 2.3 Dodging
 + Level 4.0 Stealth
 + Level 1.7 Spellcasting
 + Level 2.4 Hexes


You had 3 spell levels left.
You knew the following spells:

 Your Spells              Type           Power        Failure   Level  Hunger
a - Corona                Hex            #......      14%         1    ##.....
b - Ensorcelled Hibernat  Hex/Ice        #.....       34%         2    ###....

Your spell library contained the following spells:

 Spells                   Type           Power        Failure   Level  Hunger
 Confuse                  Hex            #.......     38%         3    ####...
 Tukima's Dance           Hex            #.......     38%         3    ####...
 Dazzling Spray           Conj/Hex       #.....       56%         3    ####...


Dungeon Overview and Level Annotations

Branches:
Dungeon (3/15)

Altars:

Annotations:
D:3 Sigmund


Innate Abilities, Weirdness & Mutations

Your body is rotting away.
You thrive on raw meat.
You are immune to poison.
You have sharp fingernails.
You are carnivorous and can eat meat at any time.
Your flesh is cold resistant. (rC+)
You are immune to negative energy. (rN+++)
You do not regenerate when monsters are visible.
You are immune to unholy pain and torment.
You can survive without breathing.


Message History

The orc hits you but does no damage.
Casting: Ensorcelled Hibernation (safe; 34% risk of failure)
Confirm with . or Enter, or press ? or * to list all spells.
You don't have enough magic to cast that spell.
Unknown command.
You hit Sigmund.
Sigmund is poisoned.
Sigmund is moderately wounded.
Sigmund points at you and mumbles some strange words.
The puff of flame hits you!
* * * LOW HITPOINT WARNING * * *
The orc barely misses you.
You hit Sigmund but do no damage.
Sigmund looks as sick as possible!
Sigmund is moderately wounded.
Sigmund casts a spell.
Sigmund flickers and vanishes!
Deactivating autopickup; reactivate with Ctrl-A.
Something hits you.
* * * LOW HITPOINT WARNING * * *
The orc hits you with a +0 club.
You die...

## ..# ##.#
...# #..#
#..#######
#.........
#<........
#@.##.###
#o.##.#####
#o)........
##..#######
#..# #..#
...# #...#
#....


You could see an orc wizard and an orc.

Vanquished Creatures
  A worm (D:2)
  2 dart slugs
  3 leopard geckos
  4 bats
  4 giant cockroaches (D:1)
  9 goblins
  6 hobgoblins
  3 jackals (D:2)
  2 kobolds
  3 frilled lizards
  6 rats
43 creatures vanquished.

Notes
Turn   | Place    | Note
-------+----------+-------------------------------------------
     0 | D:1      | Borgoz the Ghoul Enchanter began the quest for the Orb.
     0 | D:1      | Reached XP level 1. HP: 14/14 MP: 2/2
    25 | D:1      | Reached skill level 1 in Short Blades
    76 | D:1      | Reached XP level 2. HP: 20/20 MP: 3/3
    86 | D:1      | Learned a level 2 spell: Ensorcelled Hibernation
   411 | D:1      | Reached XP level 3. HP: 20/26 MP: 4/4
  1046 | D:2      | Reached XP level 4. HP: 31/33 MP: 5/5
  1136 | D:2      | Reached skill level 4 in Stealth
  1355 | D:3      | Noticed Sigmund
  1363 | D:3      | Slain by an orc

Skill      XL: |  1  2  3  4 |
---------------+-------------+-----
Short Blades   | 1 2 |  2.4
Dodging        | 2 |  2.3
Stealth        | 4 |  4.0
Spellcasting   | |  1.7
Hexes          | |  2.4

Action                   |  1- 3 |  4- 6 || total
-------------------------+-------+-------++-------
Melee: Dagger            |   141 |     5 ||   146
 Cast: Corona            |     2 |       ||     2
       Ensorcelled Hiber |     3 |     1 ||     4
 Stab: Sleeping          |    12 |     2 ||    14
  Eat: Chunk             |     5 |     1 ||     6
Armor: Leather armour    |    25 |     1 ||    26
Dodge: Dodged            |    57 |     1 ||    58
